AoeStats
← Sacresh Martire

Black Forest

510414414Analyzed
4v4 RM · 15h ago on Sep 30, 2026· 49m 30s· 8 players
Game mode
Random Map
Map size
Large (8 player)
Population
200
Speed
Normal
Resources
Standard
Victory
Conquest
Starting age
Dark Age
Ending age
Imperial Age
RankedLock teamsTeams togetherTeam positionsShared explorationLock speedFull tech treeHidden civsTurbo modeCheats
Victory
Defeat
🇺🇸 Bengalis · United States
1084
+10
🇲🇽 Saracens · Mexico
1053
+12
🇨🇳 Burgundians · China
1001
+14
🇮🇹 Mongols · Italy
962
+15
🇦🇷 Poles · Argentina
1021
-16
🇦🇷 Turks · Argentina
989
-14
🇦🇷 Italians · Argentina
915
-11
🇦🇷 Bulgarians · Argentina
884
-10
shabolobodingdong
0:32 Loom
11:26 Feudal Age
12:53 Double-Bit Axe
15:55 Horse Collar
19:26 Castle Age
18:06 Gold Mining
19:29 Stone Mining
21:15 Heavy Plow
23:22 Bow Saw
24:24 Scale Barding Armor
29:42 Pikeman
33:22 Gambesons
33:38 Squires
33:24 Arson
37:35 Imperial Age
36:29 Scale Mail Armor
38:01 Halberdier
39:57 Conscription
41:06 Paiks
42:16 Wheelbarrow
45:33 Two-Man Saw
44:29 Siege Elephant
46:28 Chain Barding Armor
49:49 Plate Barding Armor
abcd312
0:41 Loom
10:37 Feudal Age
11:54 Wheelbarrow
11:07 Double-Bit Axe
11:14 Horse Collar
14:20 Heavy Plow
14:32 Bow Saw
21:36 Castle Age
29:56 Imperial Age
27:47 Fortified Wall
28:02 Town Watch
29:25 Masonry
29:30 Treadmill Crane
30:32 Hand Cart
31:52 Chemistry
31:42 Architecture
35:17 Burgundian Vineyards
35:26 Forging
35:07 Fletching
35:17 Padded Archer Armor
35:21 Scale Mail Armor
35:26 Scale Barding Armor
36:23 Two-Man Saw
36:26 Stone Mining
36:29 Gold Mining
37:39 Caravan
38:09 Coinage
37:49 Guilds
38:57 Chain Barding Armor
39:13 Iron Casting
38:34 Bodkin Arrow
38:05 Cavalier
38:45 Husbandry
38:11 Light Cavalry
40:51 Hoardings
39:54 Paladin
41:09 Bombard Tower
41:48 Plate Barding Armor
42:59 Crop Rotation
43:26 Stone Shaft Mining
43:29 Gold Shaft Mining
43:28 Bracer
43:29 Padded Archer Armor
45:56 Leather Archer Armor
45:35 Guard Tower
49:16 Hussar
Sacresh Martire
5:31 Loom
11:56 Feudal Age
12:37 Double-Bit Axe
16:30 Castle Age
14:48 Gold Mining
15:28 Horse Collar
18:03 Bow Saw
25:13 Heavy Plow
30:31 Imperial Age
30:16 Husbandry
30:27 Bloodlines
31:29 Heavy Camel Rider
33:02 Wheelbarrow
32:13 Town Watch
32:43 Forging
32:39 Scale Barding Armor
33:22 Conscription
33:26 Light Cavalry
35:32 Iron Casting
34:51 Fletching
35:01 Padded Archer Armor
35:03 Scale Mail Armor
35:25 Onager
36:46 Drill
36:21 Hussar
37:28 Chain Barding Armor
37:58 Siege Engineers
38:14 Ballistics
39:13 Blast Furnace
38:09 Bodkin Arrow
38:56 Elite Mangudai
42:09 Siege Onager
44:00 Chain Mail Armor
44:21 Gold Shaft Mining
43:36 Stone Mining
43:49 Bracer
44:04 Leather Archer Armor
44:10 Crossbowman
44:57 Thumb Ring
45:56 Chemistry
44:53 Murder Holes
48:17 Elite Steppe Lancer
MENTOR VI
0:28 Loom
15:14 Feudal Age
18:44 Town Watch
19:35 Wheelbarrow
20:07 Horse Collar
25:38 Double-Bit Axe
[CHCINO]elboinaverde
0:28 Loom
12:46 Feudal Age
17:47 Castle Age
17:15 Horse Collar
20:49 Double-Bit Axe
21:16 Szlachta Privileges
22:10 Scale Barding Armor
23:51 Chain Barding Armor
25:14 Husbandry
28:24 Forging
28:56 Bloodlines
29:53 Gold Mining
31:27 Iron Casting
31:06 Light Cavalry
35:14 Scale Mail Armor
35:17 Heavy Plow
35:38 Bow Saw
35:22 Pikeman
36:03 Squires
36:20 Chain Mail Armor
36:07 Stone Mining
40:33 Imperial Age
39:42 Fletching
40:51 Winged Hussar
44:26 Blast Furnace
46:01 Wheelbarrow
46:29 Stone Shaft Mining
[CHCINO]TheGuillo
14:12 Feudal Age
18:01 Castle Age
26:09 Imperial Age
24:26 Squires
24:30 Padded Archer Armor
24:41 Forging
24:31 Scale Mail Armor
32:40 Iron Casting
32:21 Chain Mail Armor
34:09 Blast Furnace
33:22 Gold Mining
33:22 Stone Mining
34:19 Wheelbarrow
34:23 Leather Archer Armor
36:31 Double-Bit Axe
36:55 Arson
37:52 Horse Collar
39:42 Loom
41:20 Chemistry
40:16 Murder Holes
40:32 Masonry
43:41 Plate Mail Armor
44:17 Conscription
is.santiago1984
0:49 Loom
14:43 Feudal Age
15:24 Double-Bit Axe
25:49 Horse Collar
30:03 Castle Age
30:03 Forging
30:21 Fletching
30:32 Padded Archer Armor
31:37 Wheelbarrow
31:55 Heavy Plow
31:19 Elite Skirmisher
32:16 Bow Saw
32:21 Light Cavalry
32:58 Bodkin Arrow
35:12 Wheelbarrow
34:45 Scale Mail Armor
35:02 Leather Archer Armor
36:00 Stone Mining
36:01 Gold Mining
38:06 Squires
38:52 Murder Holes
39:09 Masonry
39:20 Ballistics
40:43 Scale Barding Armor
41:07 Hand Cart
44:16 Imperial Age
43:05 Chain Barding Armor
43:25 Gold Shaft Mining
43:21 Thumb Ring
43:04 Pikeman
48:56 Husbandry
elfacusf
2:32 Loom
11:54 Feudal Age
17:20 Castle Age
23:15 Imperial Age
20:39 Double-Bit Axe
21:34 Wheelbarrow
21:55 Horse Collar
22:08 Gold Mining
22:59 Bow Saw
26:47 Gold Shaft Mining
30:30 Hand Cart
30:21 Heavy Plow
31:41 Town Watch
33:12 Two-Man Saw
43:55 Fletching
44:25 Bodkin Arrow
48:52 Squires
48:39 Arson
49:20 Forging
49:10 Scale Mail Armor
49:14 Padded Archer Armor
Connection lost

Rejoining the realm…

Still unreachable

The connection could not be restored.

Session expired

The server has moved on; the page needs a fresh start.